 Dungeon Crawl Stone Soup version 0.29.1-12-g30fa7ad0bf (webtiles) character file.

Game seed: 4844931602627981338

58 Ghostly138 the Digger (level 4, 0/24 HPs)
             Began as a Gargoyle Earth Elementalist on Dec 16, 2022.
             Was a Follower of Elyvilon.
             Slain by a jackal (1 damage)
             ... on level 2 of the Dungeon.
             The game lasted 00:11:41 (909 turns).

Ghostly138 the Digger (Gargoyle Earth Elementalist)  Turns: 909, Time: 00:11:42

Health: 0/24       AC: 12    Str: 11    XL:     4   Next: 2%
Magic:  2/7        EV: 12    Int: 18    God:    Elyvilon [*.....]
Gold:   52         SH:  0    Dex: 10    Spells: 5/8 levels left

rFire   . . .      SeeInvis .   e - +0 club
rCold   . . .      Faith    .   (no shield)
rNeg    + . .      Spirit   .   a - +1 robe
rPois   ∞          Reflect  .   m - +2 hat
rElec   +          Harm     .   (no cloak)
rCorr   .          Rampage  .   (no gloves)
Will    .....                   (no boots)
Stlth   ++........              (no amulet)
HPRegen 0.08/turn               d - +4 ring of protection
MPRegen 0.10/turn               (no ring)

@: no status effects
A: sickness immunity, AC +3, negative energy resistance 1, electricity
resistance, torment resistance 1, petrification resistance
a: Renounce Religion, Purification


You were on level 2 of the Dungeon.
You worshipped Elyvilon.
Elyvilon was aware of your devotion.
You visited 1 branch of the dungeon, and saw 2 of its levels.

You collected 52 gold pieces.

Inventory:

Hand Weapons
 c - a +0 short sword
 e - a +0 club (weapon)
 g - a +0 sling
 h - a +0 short sword
 i - a +0 hand axe
 k - a +0 club
Missiles
 l - a curare-tipped dart (quivered)
Armour
 a - a +1 robe (worn)
 m - a +2 hat (worn)
Jewellery
 d - a +4 ring of protection (left hand)
Scrolls
 f - a scroll of identify
Potions
 b - 3 potions of magic


   Skills:
 + Level 0.3 Fighting
 + Level 0.1 Maces & Flails
 + Level 0.2 Throwing
 + Level 1.9 Dodging
 + Level 2.4 Stealth
 + Level 2.6 Spellcasting
 + Level 0.9 Transmutations
 + Level 4.6 Earth Magic


You had 5 spell levels left.
You knew the following spells:

 Your Spells              Type           Power      Damage    Failure   Level
a - Sandblast             Erth           36%        2d10      2%          1
b - Passwall              Tmut/Erth      10%        N/A       9%          2

Your spell library contained the following spells:

 Spells                   Type           Power      Damage    Failure   Level
 Freeze                   Ice            8%         1d3       17%         1
 Stone Arrow              Conj/Erth      20%        3d8       21%         3
 Petrify                  Tmut/Erth      12%        N/A       47%         4


Dungeon Overview and Level Annotations

Branches:
Dungeon (2/15)

Altars:
Elyvilon


Innate Abilities, Weirdness & Mutations

You are immune to sickness and miasma.
Your stone body is resilient. (AC +3)
You are immune to poison.
You resist negative energy. (rN+)
You are resistant to electric shocks. (rElec)
You are resistant to unholy torment.
You are immune to petrification.


Message History

You closely miss the jackal. The jackal closely misses you.
The jackal barely misses you.
The jackal bites you but does no damage.
You closely miss the jackal. The jackal completely misses you.
The jackal barely misses you. x2; The jackal bites you.
* * * LOW HITPOINT WARNING * * *
You barely miss the jackal.
The jackal bites you but does no damage.
The jackal bites you.
* * * LOW HITPOINT WARNING * * *
The jackal closely misses you.
The jackal bites you but does no damage.
You hit the jackal but do no damage. The jackal barely misses you. x2
The jackal bites you but does no damage. x2
You hit the jackal but do no damage. The jackal closely misses you.
The jackal misses you. x2
You hit the jackal.
The jackal is severely wounded.
The jackal barely misses you. The jackal closely misses you.
The jackal bites you but does no damage. x2
You hit the jackal.
You kill the jackal!
The jackal barely misses you. The jackal closely misses you.
You barely miss the jackal.
The jackal bites you but does no damage.
The jackal closely misses you.
The jackal bites you but does no damage.
The jackal closely misses you.
You closely miss the jackal. The jackal barely misses you.
The jackal misses you.
The jackal bites you but does no damage.
The jackal closely misses you.
You closely miss the jackal. The jackal barely misses you. x2
The jackal misses you. The jackal bites you. Elyvilon protects you from harm!
You barely miss the jackal. The jackal closely misses you. x3
You hit the jackal.
The jackal is severely wounded.
The jackal bites you.
You die...

... ##. . #
#. ####.###
#....h@#
#.##.#h#
####+####.#
#..?....#.#
#.......#.#
#..(♣...#.#
+.r♣♣♣..'.#
#...♣...#.#
#.......#.#


You could see 2 jackals.

Vanquished Creatures
  Jessica (D:2)
  An adder (D:2)
  An endoplasm (D:1)
  2 giant cockroaches
  A goblin (D:2)
  4 hobgoblins (D:1)
  2 jackals (D:2)
  3 quokkas
  A ball python (D:1)
  4 frilled lizards
  2 kobolds (D:1)
  A rat (D:1)
23 creatures vanquished.

Notes
Turn   | Place    | Note
-------+----------+-------------------------------------------
     0 | D:1      | Ghostly138 the Gargoyle Earth Elementalist began the quest
                  | for the Orb.
     0 | D:1      | Reached XP level 1. HP: 10/10 MP: 3/3
   345 | D:1      | Reached XP level 2. HP: 15/15 MP: 5/5
   357 | D:1      | Learned a level 2 spell: Passwall
   388 | D:1      | Reached skill level 4 in Earth Magic
   735 | D:2      | Found a faded altar of an unknown god.
   762 | D:2      | Prayed at the altar of an unknown god.
   762 | D:2      | Became a worshipper of Elyvilon the Healer
   762 | D:2      | Reached * piety under Elyvilon
   769 | D:2      | Reached XP level 3. HP: 19/19 MP: 6/6
   774 | D:2      | Noticed Jessica
   782 | D:2      | Killed Jessica
   815 | D:2      | Got Plato's Monograph on the Winter
   890 | D:2      | Reached XP level 4. HP: 4/24 MP: 5/7
   899 | D:2      | HP: 1/24 [jackal (2)]
   907 | D:2      | Elyvilon protects you from harm!
   909 | D:2      | Slain by a jackal

Illustrated notes

Levels and vault maps discovered:
D:1:      giann_horns, layout_basic, serial_shops, shop, minmay_unequal
D:2:      layout_loops_ring, shapermc_ecumenical_altar_rom_forum,
          kennysheep_generic_room_8, uniq_sigmund, uniq_jessica

Skill      XL: |  1  2 |
---------------+-------+-----
Earth Magic    | 4 |  4.6
Fighting       | |  0.3
Maces & Flails | |  0.1
Throwing       | |  0.2
Dodging        | |  1.9
Stealth        | |  2.4
Spellcasting   | |  2.6
Transmutations | |  0.9

Action                   |  1- 3 |  4- 6 || total
-------------------------+-------+-------++-------
Melee: Short sword       |     5 |       ||     5
       Club              |    32 |    12 ||    44
       Unarmed           |     1 |       ||     1
Throw: Dart              |     5 |       ||     5
       Stone             |     7 |       ||     7
 Cast: Sandblast         |    21 |       ||    21
       Passwall          |     2 |     3 ||     5
  Use: Scroll            |     7 |       ||     7
Armor: Robe              |    45 |    22 ||    67
Dodge: Dodged            |    73 |    36 ||   109
